 Dungeon Crawl Stone Soup version 0.21.1-1-g345015fe64 (webtiles) character file.

354 Bapho the Cudgeler (level 6, -10/40 HPs)
             Began as a Gargoyle Berserker on July 3, 2018.
             Was a Priest of Trog.
             Mangled by Linguinho's ghost (14 damage)
             ... on level 5 of the Dungeon.
             The game lasted 00:09:48 (4525 turns).

Bapho the Cudgeler (Gargoyle Berserker)             Turns: 4525, Time: 00:09:48

Health: -10/40     AC: 16    Str: 23    XL:     6   Next: 62%
Magic:  6/6        EV:  7    Int:  7    God:    Trog [***...]
Gold:   132        SH:  0    Dex:  9    Spells: 5/5 levels left

rFire    . . .     SeeInvis .   v - +2 flail (crush)
rCold    . . .     Gourm    .   (no shield)
rNeg     + . .     Faith    .   D - +0 plate armour
rPois    ∞         Spirit   .   (no helmet)
rElec    +         Reflect  .   (no cloak)
rCorr    .         Harm     .   l - +0 pair of gloves
MR       .....                  (no boots)
Stlth    ..........             (no amulet)
HPRegen  0.13/turn              (no ring)
MPRegen  0.10/turn              (no ring)

@: berserk cooldown, slowed, very slow
A: negative energy resistance 1, electricity resistance, unbreathing,
petrification resistance, rot immunity, AC +4
a: Berserk, Trog's Hand, Burn Spellbooks, Renounce Religion


You were on level 5 of the Dungeon.
You worshipped Trog.
Trog was most pleased with you.
You were near starving.

You visited 1 branch of the dungeon, and saw 5 of its levels.

You collected 132 gold pieces.

Inventory:

Hand Weapons
 a - a +0 mace
 f - a +3 whip
 v - a +2 flail of crushing (weapon)
Missiles
 j - 5 tomahawks
 n - 110 stones (quivered)
 B - 5 poisoned tomahawks
Armour
 b - a +0 animal skin
 g - a +0 chain mail
 l - a +0 pair of gloves (worn)
 D - a +0 plate armour (worn)
Jewellery
 e - an uncursed ring of protection from cold {unknown}
 m - an uncursed ring of stealth {unknown}
 w - an uncursed ring of protection from cold {unknown}
 y - an uncursed ring of resist corrosion {unknown}
 C - an uncursed ring of protection from fire {unknown}
Scrolls
 d - a scroll of enchant armour {unknown}
 i - 4 scrolls of teleportation {unknown}
 k - 2 scrolls of enchant weapon {unknown}
 o - a scroll of amnesia {unknown}
 p - a scroll of fear {unknown}
 q - 3 scrolls of remove curse {unknown}
 t - a scroll of magic mapping {unknown}
 u - 5 scrolls of identify {unknown}
Potions
 h - 2 potions of lignification {unknown}
 r - a potion of curing {unknown}
 s - a potion of heal wounds {unknown}
 x - a potion of might {unknown}
 A - 3 potions of brilliance {unknown}
Comestibles
 c - 11 rations


   Skills:
 + Level 5.0 Fighting
 * Level 5.9 Maces & Flails
 - Level 2.6 Armour
 - Level 2.0 Dodging


You had 5 spell levels left.
You didn't know any spells.

Dungeon Overview and Level Annotations

Branches:
Dungeon (5/15)
 Temple: D:4-7

Altars:
Ashenzari
Dithmenos
Hepliaklqana

Annotations:
D:5 Linguinho's ghost, novice MiBe


Innate Abilities, Weirdness & Mutations

You are resistant to torment.
Your stone body is resilient. (AC +4)
You are immune to poison.
You resist negative energy. (rN+)
You are resistant to electric shocks. (rElec)
You can survive without breathing.
You are immune to petrification.
You are immune to rotting.


Message History

The ice beast closely misses you.
You sock the ice beast!
The ice beast is heavily wounded.
Linguinho's ghost hits you!
* * * LOW HITPOINT WARNING * * *
The ice beast hits you but does no damage.
You feel a strong urge to attack something.
Found 20 stones.
You are no longer berserk.
You are exhausted.
You feel yourself slow down.
Found a stone staircase leading up.
An orc comes into view. It is wielding a hand axe.
The orc throws a poisoned tomahawk.
The poisoned tomahawk hits you but does no damage.
You see here a poisoned tomahawk.
The orc throws a poisoned tomahawk.
The poisoned tomahawk hits you but does no damage.
Linguinho's ghost hits you!
You die...

##. #. #.o ... #.#
#.# #.# #$.# #.#
#..# #.# #..# #.#
#..#### #@#
####..<..###W#
..........##.Y#
..........##.######
).....(..Y..........
..........##.#####..
......(...##.#
...........<..
...............


You could see an ice beast, Linguinho's ghost and an orc.

Vanquished Creatures
  A howler monkey (D:4)
  A bullfrog zombie (D:5)
  A hound (D:4)
  A jelly (D:4)
  An orc priest (D:3)
  3 worker ants (D:4)
  2 adders (D:3)
  An adder skeleton (D:4)
  5 worms
  2 dart slugs
  6 leopard geckos
  5 orcs
  A ball python (D:4)
  7 bats
  3 giant cockroaches
  7 goblins
  10 hobgoblins
  3 jackals (D:4)
  6 frilled lizards
  5 kobolds
  8 rats
  A plant (D:1)
80 creatures vanquished.

Vanquished Creatures (others)
  A fungus (D:4)
  3 plants (D:4)
4 creatures vanquished.

Grand Total: 84 creatures vanquished

Notes
Turn   | Place    | Note
-------+----------+-------------------------------------------
     0 | D:1      | Bapho the Gargoyle Berserker began the quest for the Orb.
     0 | D:1      | Reached XP level 1. HP: 14/14 MP: 1/1
   416 | D:1      | Reached XP level 2. HP: 18/19 MP: 2/2
   714 | D:1      | Reached XP level 3. HP: 22/23 MP: 3/3
  1025 | D:1      | Reached ** piety under Trog
  1975 | D:2      | Found a hazy altar of Hepliaklqana.
  1975 | D:2      | Found a shadowy altar of Dithmenos.
  2542 | D:3      | Reached XP level 4. HP: 5/29 MP: 4/4
  3201 | D:3      | Reached XP level 5. HP: 33/33 MP: 5/5
  3669 | D:4      | Reached skill level 5 in Maces & Flails
  3809 | D:4      | Found a shattered altar of Ashenzari.
  3813 | D:4      | Saw a vision of the Swamp and the Snake Pit.
  3813 | D:4      | Noticed an alligator
  3813 | D:4      | Noticed a hornet
  3813 | D:4      | Noticed a naga
  3813 | D:4      | Noticed a naga ritualist
  3813 | D:4      | Noticed a swamp drake
  3813 | D:4      | Noticed a naga
  3813 | D:4      | Noticed an alligator
  3814 | D:4      | Noticed an alligator
  3814 | D:4      | Noticed an alligator
  3814 | D:4      | Noticed an alligator
  3815 | D:4      | Noticed a naga sharpshooter
  3847 | D:4      | Reached XP level 6. HP: 39/39 MP: 6/6
  3917 | D:4      | Reached *** piety under Trog
  4233 | D:5      | Entered Level 5 of the Dungeon
  4233 | D:5      | Noticed Linguinho's ghost (novice MiBe)
  4394 | D:5      | Noticed an ice beast
  4513 | D:5      | Reached skill level 5 in Fighting
  4525 | D:5      | Mangled by Linguinho's ghost

Skill      XL: |  1  2  3  4  5  6 |
---------------+-------------------+-----
Dodging        | 2 |  2.0
Maces & Flails | 4 5 |  5.9
Fighting       | 4 5 |  5.0
Armour         | |  2.6

Action                   |  1- 3 |  4- 6 || total
-------------------------+-------+-------++-------
Melee: Mace              |   142 |     3 ||   145
       Whip              |     7 |       ||     7
       Flail             |       |    97 ||    97
Throw: Stone             |   112 |    67 ||   179
       Tomahawk          |     9 |       ||     9
Invok: Berserk           |     1 |     2 ||     3
  Eat: Chunk             |     4 |     5 ||     9
       Ration            |       |     1 ||     1
Armor: Animal skin       |     5 |       ||     5
       Chain mail        |    60 |    27 ||    87
       Plate armour      |       |    51 ||    51
Dodge: Dodged            |    48 |    40 ||    88
